 Dungeon Crawl Stone Soup version 0.27.0-1-g7a089689b8 (webtiles) character file.

Game seed: 15630979004523554332

387 kobby the Chopper (level 6, -11/55 HPs)
             Began as a Naga Gladiator on Aug 10, 2021.
             Killed by divine providence
             ... invoked by an orc priest
              (12 damage)
             ... on level 4 of the Dungeon.
             The game lasted 00:06:50 (3255 turns).

kobby the Chopper (Naga Gladiator)                  Turns: 3255, Time: 00:06:50

Health: -11/55     AC:  6    Str: 19    XL:     6   Next: 78%
Magic:  6/6        EV:  8    Int:  8    God:
Gold:   59         SH:  0    Dex: 12    Spells: 5/5 levels left

rFire    . . .     SeeInvis +   a - +0 war axe
rCold    . . .     Faith    .   (no shield)
rNeg     . . .     Spirit   .   h - +0 scale mail
rPois    +         Reflect  .   c - +0 helmet
rElec    .         Harm     .   (no cloak)
rCorr    .         Rampage  .   (no gloves)
Will     .....                  (no barding)
Stlth    ..........             (no amulet)
HPRegen  0.18/turn              (no ring)
MPRegen  0.10/turn              (no ring)

@: confused, hasted, quick
A: AC +2, large, see invisible, deformed body, poison resistance, slowness 2,
spit poison 1, naga tail 1
a: Spit Poison


You were on level 4 of the Dungeon.
You visited 1 branch of the dungeon, and saw 4 of its levels.

You collected 59 gold pieces.

Inventory:

Hand Weapons
 a - a +0 war axe (weapon)
Missiles
 d - 3 throwing nets (quivered)
Armour
 b - a +0 leather armour
 c - a +0 helmet (worn)
 h - a +0 scale mail (worn)
Scrolls
 e - 2 scrolls of identify
 l - a scroll of vulnerability {unknown}
Potions
 f - a potion of attraction
 i - a potion of degeneration {unknown}
 k - a potion of heal wounds {unknown}


   Skills:
 + Level 2.8 Fighting
 + Level 5.6 Axes
 + Level 1.8 Throwing
 + Level 2.4 Armour
 + Level 3.1 Dodging
 + Level 0.2 Stealth


You had 5 spell levels left.
You didn't know any spells.
Your spell library was empty.

Dungeon Overview and Level Annotations

Branches:
Dungeon (4/15)             Temple (0/1) D:4

Altars:
Gozag

Shops:
D:3 (

Annotations:
D:2 Robin


Innate Abilities, Weirdness & Mutations

Your serpentine skin is tough. (AC +2)
You have supernaturally acute eyesight. (SInv)
Armour fits poorly on your strangely shaped body.
Your system is resistant to poisons. (rPois)
You cover ground very slowly.
You can spit poison.
You have a snake-like lower body.


Message History

The orc wizard hits you with a +0 dagger.
The orc priest hits you from afar with a +0 trident.
The orc closely misses you.
You feel better.
The orc priest invokes the aid of Beogh against you.
Beogh smites you! The orc hits you but does no damage.
The hound barely misses you.
It was a potion of haste.
You feel yourself speed up.
The orc wizard gestures at you while chanting.
The puff of flame hits you but does no damage.
The orc priest miscasts a cantrip.
The orc hits you with a +0 whip.
* * * LOW HITPOINT WARNING * * *
The hound bites you but does no damage. The orc hits you but does no damage.
You feel better.
The orc wizard hits you with a +0 dagger.
The hound bites you but does no damage.
The orc priest hits you from afar with a +0 trident.
The orc closely misses you.
Okay, then.
You hit the hound.
The hound is lightly wounded.
You hit the orc. You closely miss the orc wizard. You slash the orc!
You kill the orc!
The hound bites you but does no damage.
The orc wizard hits you with a +0 dagger.
The orc priest calls down the wrath of Beogh upon you.
Beogh smites you!
* * * LOW HITPOINT WARNING * * *
The adder bites you but does no damage. The orc hits you but does no damage.
You closely miss the orc wizard. You barely miss the adder.
You closely miss the hound. You hit the orc but do no damage.
The hound bites you.
* * * LOW HITPOINT WARNING * * *
The orc wizard casts a spell at you.
You are confused.
The adder bites you but does no damage.
The orc priest invokes the aid of Beogh against you.
Beogh smites you!
You die...

....#.....##.###........
###....##[...###......(.
# ####..#....)...#..##..
#######....#####........
......#...#..(.........#
........#.....#...#.....
..÷...........#.⌠.#.....
............###...###...
.......##......o@......(
.####### ....⌠gohS.⌠....
.# ##....sgo.....# ##
#.###.Z.###..# # #.
#.⌠.# ..# s #...# .#
..... .....


You could see a scorpion, a hound, an orc priest, an orc wizard (invisible), an
adder, an orc, a hobgoblin, a goblin and a bullfrog skeleton.

Vanquished Creatures
  Grinder (D:4)
  An orc priest (D:3)
  A jelly (D:4)
  An orc wizard (D:3)
  A scorpion zombie (D:4)
  3 adders
  5 orcs
  6 ball pythons
  6 bats
  3 endoplasms
  A giant cockroach (D:1)
  7 goblins
  9 hobgoblins
  2 jackals (D:4)
  4 kobolds
  4 frilled lizards
  7 rats
62 creatures vanquished.

Notes
Turn   | Place    | Note
-------+----------+-------------------------------------------
     0 | D:1      | kobby the Naga Gladiator began the quest for the Orb.
     0 | D:1      | Reached XP level 1. HP: 19/19 MP: 1/1
   227 | D:1      | Reached XP level 2. HP: 18/26 MP: 2/2
  1199 | D:2      | Reached skill level 1 in Armour
  1199 | D:2      | Reached XP level 3. HP: 30/32 MP: 3/3
  1660 | D:2      | Identified the +0 helmet "Vobrea" {Fly rC++ rCorr Int-2}
  1660 | D:2      | Noticed Robin
  1665 | D:2      | HP: 1/32 [Robin (8)]
  2036 | D:3      | Found Nyethrisu's Antique Weapon Boutique.
  2043 | D:3      | Reached XP level 4. HP: 39/39 MP: 4/4
  2161 | D:3      | Reached skill level 4 in Axes
  2161 | D:3      | Reached XP level 5. HP: 28/45 MP: 5/5
  2340 | D:3      | Found an opulent altar of Gozag.
  2951 | D:4      | Noticed Grinder
  2965 | D:4      | Paralysed by Grinder for 7 turns
  2983 | D:4      | Killed Grinder
  2984 | D:4      | Reached skill level 5 in Axes
  2984 | D:4      | Reached XP level 6. HP: 27/55 MP: 6/6
  3242 | D:4      | Found a staircase to the Ecumenical Temple.
  3255 | D:4      | HP: 1/55 [hound (3)]
  3255 | D:4      | Killed from afar by an orc priest

Illustrated notes

Levels and vault maps discovered:
D:1:      enne_arrival_octagon_isle, layout_loops_corners
D:2:      layout_basic, uniq_robin
D:3:      layout_basic, lemuel_round_altar, serial_curves, eino_curves_03,
          eino_curves_02, serial_shops, shop
D:4:      layout_rooms, minmay_temple_entry_junction_2, uniq_grinder,
          uniq_edmund, uniq_eustachio, uniq_natasha

Skill      XL: |  1  2  3  4  5 |
---------------+----------------+-----
Armour         | 1 2 |  2.4
Dodging        | 3 |  3.1
Axes           | 4 5 |  5.6
Fighting       | |  2.8
Throwing       | |  1.8
Stealth        | |  0.2

Action                   |  1- 3 |  4- 6 || total
-------------------------+-------+-------++-------
Melee: War axe           |    86 |    72 ||   158
Throw: Throwing net      |       |     3 ||     3
  Use: Scroll            |     5 |       ||     5
       Potion            |       |     4 ||     4
Armor: Leather armour    |    15 |       ||    15
       Scale mail        |    32 |    48 ||    80
Dodge: Dodged            |    50 |    24 ||    74
